 Dungeon Crawl Stone Soup version 0.25.0-9-g26727b657a (webtiles) character file.

Game seed: 15508571625743123779

2023 Lanoc the Chiller (level 9, -4/97 HPs)
             Began as a Gnoll Ice Elementalist on June 17, 2020.
             Was a Believer of Cheibriados.
             Slain by Menkaure (6 damage)
             ... on level 5 of the Dungeon.
             The game lasted 00:06:55 (4260 turns).

Lanoc the Chiller (Gnoll Ice Elementalist)          Turns: 4260, Time: 00:06:55

Health: -4/97      AC: 24    Str: 15 (16) XL:     9   Next: 23%
Magic:  17/18      EV:  2    Int: 24 (26) God:    Cheibriados [**....]
Gold:   195        SH:  0    Dex: 19 (20) Spells: 13/20 levels left

rFire    . . .     SeeInvis .   p - +1 whip (flame)
rCold    . . .     Gourm    .   (no shield)
rNeg     + + +     Faith    .   (armour currently unavailable)
rPois    +         Spirit   .   (helmet currently unavailable)
rElec    .         Reflect  .   (cloak currently unavailable)
rCorr    .         Harm     .   (gloves currently unavailable)
MR       .....     NoTele   +   (boots currently unavailable)
Stlth    +++.......             (no amulet)
HPRegen  0.26/turn              (no ring)
MPRegen  0.16/turn              (no ring)

@: tree-form, very slow
A: distributed training, strong nose
a: Bend Time, Renounce Religion


You were on level 5 of the Dungeon.
You worshipped Cheibriados.
Cheibriados was pleased with you.
You were not hungry.
You were a tree.
You visited 1 branch of the dungeon, and saw 5 of its levels.

You collected 195 gold pieces.

Inventory:

Hand Weapons
 p - a +1 whip of flaming (weapon)
Armour
 j - a +0 pair of gloves (melded)
 l - the +4 leather armour of Odos (melded) {+Blink rElec}
   (You found it on level 4 of the Dungeon)

   It insulates you from electricity.
   It lets you blink.
Wands
 f - a wand of enslavement (5)
Scrolls
 d - a scroll of amnesia {unknown}
 e - 4 scrolls of identify {unknown}
 g - 4 scrolls of remove curse {unknown}
 h - 2 scrolls of enchant armour {unknown}
 k - 2 scrolls of teleportation {unknown}
 o - a scroll of blinking {unknown}
Potions
 b - 2 potions of curing
 i - a potion of mutation {unknown}
 m - a potion of heal wounds {unknown}
 n - a potion of cancellation
 r - a potion of degeneration
Comestibles
 c - 6 rations


   Skills:
 + Level 4.0 Fighting
 + Level 4.0 Short Blades
 + Level 4.0 Long Blades
 + Level 4.0 Axes
 + Level 4.0 Maces & Flails
 + Level 4.0 Polearms
 + Level 4.0 Staves
 + Level 4.0 Slings
 + Level 4.0 Bows
 + Level 4.0 Crossbows
 + Level 4.0 Throwing
 + Level 4.0 Armour
 + Level 6.1 Dodging
 + Level 5.8 Stealth
 + Level 4.0 Shields
 + Level 4.0 Unarmed Combat
 + Level 6.4 Spellcasting
 + Level 3.2 Conjurations
 + Level 3.2 Hexes
 + Level 3.2 Charms
 + Level 3.2 Summonings
 + Level 3.2 Necromancy
 + Level 3.2 Translocations
 + Level 3.2 Transmutations
 + Level 3.2 Fire Magic
 + Level 7.9 Ice Magic
 + Level 3.2 Air Magic
 + Level 3.2 Earth Magic
 + Level 3.2 Poison Magic
 + Level 4.3 Invocations
 + Level 4.0 Evocations


You had 13 spell levels left.
You knew the following spells:

 Your Spells              Type           Power        Failure   Level  Hunger
a - Freeze                Ice            ####         1%          1    None
b - Frozen Ramparts       Ice            #####.       1%          3    None
c - Ozocubu's Armour      Chrm/Ice       ####....     2%          3    None

Your spell library contained the following spells:

 Spells                   Type           Power        Failure   Level  Hunger
 Hailstorm                Conj/Ice       ####....     8%          4    ###....
 Summon Ice Beast         Ice/Summ       ####....     8%          4    ###....


Dungeon Overview and Level Annotations

Branches:
Dungeon (5/15)
 Temple: D:4-7

Altars:
Cheibriados
Dithmenos
Hepliaklqana
Sif Muna
Trog
Xom
The Shining One

Annotations:
D:5 Menkaure


Innate Abilities, Weirdness & Mutations

Your experience applies equally to all skills.
((You have very sharp teeth.))
Your uncanny sense of smell can sniff out nearby items.


Message History

Menkaure casts a spell at you.
You struggle to resist.
It was a potion of cancellation.
Your magical effects are unravelling.
You feel magically purged.
The frozen ramparts melt away.
Menkaure calls on the powers of darkness!
Your body is wracked with pain!
* * * LOW HITPOINT WARNING * * *
The orc wizard convulses!
You feel better. Menkaure hits you!!
* * * LOW HITPOINT WARNING * * *
It was a potion of degeneration.
There was something very wrong with that liquid.
You feel weakened.
You feel dopey.
You feel clumsy. Menkaure closely misses you.
It was a potion of lignification.
You turn into a tree.
Your +0 pair of gloves melds into your body.
The +4 leather armour of Odos {+Blink rElec} melds into your body.
Your roots penetrate the ground.
Menkaure hits you.
You die...

......#####....
........#.%....
........#.....
.Y..........## ..
.............##..?
#................
#.....M........#
#...o.♣........#
....###).......## .
...#..........#
#................#
.......##.....##...
......###...$## ...
........#...####.#
.................#
.......#.......#####


You could see an ice beast, Menkaure (fast) and an orc wizard.

Vanquished Creatures
  A two-headed ogre (D:3)
  Pikel (D:4)
  A phantom (D:4)
  2 slaves (D:4)
  3 ogres (D:4)
  2 scorpions (D:4)
  A jelly (D:5)
  2 orc priests
  A hound (D:4)
  3 orc wizards (D:5)
  Jessica (D:2)
  A worker ant (D:4)
  A killer bee zombie (D:5)
  4 gnolls (D:4)
  6 adders
  An adder skeleton (D:4)
  5 worms
  3 leopard geckos
  15 orcs
  4 bats
  4 giant cockroaches
  2 goblins
  4 hobgoblins
  3 jackals (D:3)
  2 quokkas
  2 ball pythons
  7 frilled lizards
  A kobold (D:2)
  3 rats
86 creatures vanquished.

Vanquished Creatures (others)
  A howler monkey (D:4)
1 creature vanquished.

Grand Total: 87 creatures vanquished

Notes
Turn   | Place    | Note
-------+----------+-------------------------------------------
     0 | D:1      | Lanoc the Gnoll Ice Elementalist began the quest for the
                  | Orb.
     0 | D:1      | Reached XP level 1. HP: 13/13 MP: 6/6
   334 | D:2      | Reached XP level 2. HP: 15/20 MP: 4/7
   367 | D:2      | Found a shadowy altar of Dithmenos.
   367 | D:2      | Found a shimmering blue altar of Sif Muna.
   486 | D:2      | Found a snail-covered altar of Cheibriados.
   627 | D:2      | Found a hazy altar of Hepliaklqana.
   748 | D:2      | Reached XP level 3. HP: 13/25 MP: 3/9
   753 | D:2      | Learned a level 3 spell: Frozen Ramparts
   976 | D:2      | Reached skill level 5 in Spellcasting
  1187 | D:2      | Noticed Jessica
  1190 | D:2      | Killed Jessica
  1190 | D:2      | Reached skill level 1 in Fighting
  1190 | D:2      | Reached skill level 1 in Short Blades
  1190 | D:2      | Reached skill level 1 in Long Blades
  1190 | D:2      | Reached skill level 1 in Axes
  1190 | D:2      | Reached skill level 1 in Maces & Flails
  1190 | D:2      | Reached skill level 1 in Polearms
  1190 | D:2      | Reached skill level 1 in Staves
  1190 | D:2      | Reached skill level 1 in Slings
  1190 | D:2      | Reached skill level 1 in Bows
  1190 | D:2      | Reached skill level 1 in Crossbows
  1190 | D:2      | Reached skill level 1 in Throwing
  1190 | D:2      | Reached skill level 1 in Armour
  1190 | D:2      | Reached skill level 1 in Shields
  1190 | D:2      | Reached skill level 1 in Unarmed Combat
  1190 | D:2      | Reached skill level 1 in Invocations
  1190 | D:2      | Reached skill level 1 in Evocations
  1190 | D:2      | Reached XP level 4. HP: 32/32 MP: 7/11
  1234 | D:2      | Became a worshipper of Cheibriados the Contemplative
  1307 | D:3      | Noticed a two-headed ogre
  1318 | D:3      | Killed a two-headed ogre
  1318 | D:3      | Reached skill level 5 in Dodging
  1318 | D:3      | Reached skill level 5 in Stealth
  1318 | D:3      | Reached XP level 5. HP: 16/39 MP: 1/13
  1318 | D:3      | Reached XP level 6. HP: 19/46 MP: 1/14
  1318 | D:3      | Reached XP level 7. HP: 22/51 MP: 1/15
  2084 | D:3      | Reached * piety under Cheibriados
  2343 | D:3      | Found a glowing golden altar of the Shining One.
  2619 | D:4      | Learned a level 3 spell: Ozocubu's Armour
  2632 | D:4      | Reached XP level 8. HP: 53/57 MP: 12/16
  2865 | D:4      | Noticed Pikel
  3003 | D:4      | Reached ** piety under Cheibriados
  3251 | D:4      | Killed Pikel
  3251 | D:4      | Reached XP level 9. HP: 35/65 MP: 13/18
  3447 | D:4      | Got a jewelled leather armour
  3458 | D:4      | Identified the +4 leather armour of Odos {+Blink rElec}
                  | (You found it on level 4 of the Dungeon)
  3581 | D:4      | Found a bloodstained altar of Trog.
  3621 | D:4      | Found a shimmering altar of Xom.
  3622 | D:4      | Found a shimmering altar of Xom.
  3622 | D:4      | Found a shimmering altar of Xom.
  3623 | D:4      | Found a shimmering altar of Xom.
  4031 | D:5      | Entered Level 5 of the Dungeon
  4246 | D:5      | Noticed Menkaure
  4258 | D:5      | HP: 1/65 [Menkaure (21)]
  4260 | D:5      | Slain by Menkaure

Illustrated notes

Levels and vault maps discovered:
D:1:      dpeg_arrival_long_road, layout_loops_ring
D:2:      layout_loops_ring, nicolae_overflow_crystal_walls,
          gammafunk_temple_overflow_forgotten, minivault_24, uniq_jessica
D:3:      layout_loops_cross, tso_altar, first_ration
D:4:      layout_basic, xom_redecorated, lightli_temple_of_fire,
          minmay_statues_item, uniq_pikel
D:5:      layout_cave_pools, serial_shops, shop, minmay_tree_intersection,
          grunt_ministairs_9, uniq_menkaure, uniq_eustachio

Skill      XL: |  1  2  3  4  5  6  7  8  9 |
---------------+----------------------------+-----
Spellcasting   | 5 6 |  6.4
Fighting       | 1 2 3 4 |  4.0
Short Blades   | 1 2 3 4 |  4.0
Long Blades    | 1 2 3 4 |  4.0
Axes           | 1 2 3 4 |  4.0
Maces & Flails | 1 2 3 4 |  4.0
Polearms       | 1 2 3 4 |  4.0
Staves         | 1 2 3 4 |  4.0
Slings         | 1 2 3 4 |  4.0
Bows           | 1 2 3 4 |  4.0
Crossbows      | 1 2 3 4 |  4.0
Throwing       | 1 2 3 4 |  4.0
Armour         | 1 2 3 4 |  4.0
Shields        | 1 2 3 4 |  4.0
Unarmed Combat | 1 2 3 4 |  4.0
Invocations    | 1 2 3 4 |  4.3
Evocations     | 1 2 3 4 |  4.0
Dodging        | 5 6 |  6.1
Stealth        | 5 |  5.8
Conjurations   | 2 3 |  3.2
Hexes          | 2 3 |  3.2
Charms         | 2 3 |  3.2
Summonings     | 2 3 |  3.2
Necromancy     | 2 3 |  3.2
Translocations | 2 3 |  3.2
Transmutations | 2 3 |  3.2
Fire Magic     | 2 3 |  3.2
Air Magic      | 2 3 |  3.2
Earth Magic    | 2 3 |  3.2
Poison Magic   | 2 3 |  3.2
Ice Magic      | |  7.9

Action                   |  1- 3 |  4- 6 |  7- 9 || total
-------------------------+-------+-------+-------++-------
Melee: Unarmed           |     1 |       |    60 ||    61
       Bite              |       |       |    27 ||    27
       Punch             |       |       |     1 ||     1
       Whip              |       |       |    63 ||    63
 Cast: Freeze            |    20 |     5 |       ||    25
       Frozen Ramparts   |     4 |     2 |    41 ||    47
  Use: Potion            |       |       |     5 ||     5
 Stab: Sleeping          |     1 |       |     3 ||     4
  Eat: Chunk             |     1 |       |     7 ||     8
Armor: Robe              |     1 |       |     7 ||     8
       Leather armour    |       |       |    12 ||    12
Dodge: Dodged            |     5 |     5 |   108 ||   118
